UAA
GURDON PELICANS @ PAYNESVILLE PYRAMIDS
06/22/2018
 
TOP OF THE 1ST
Gurdon Pelicans batting - Pitching for Paynesville Pyramids : LHP Eduardo Reyes
Pitching: LHP Eduardo Reyes
Batting: RHB Alex Maxwell 0-0: Bunted foul
0-1: Ball
1-1: Swinging Strike
1-2: Ball
2-2: Foul Ball, location: 2F
2-2: Ball
3-2: Base on Balls
Batting: RHB Randy Gregory 0-0: Grounds into double play, 6-4-3 (Groundball, 6)
Batting: RHB Micah Miller 0-0: SINGLE (Line Drive, 56D)
Batting: RHB Brian Lynch 0-0: Ball
1-0: Called Strike
1-1: Ball
2-1: Ball
3-1: Foul Ball, location: 2F
3-2: Fly out, F7 (Flyball, 78M)
Top of the 1st over - 0 run(s), 1 hit(s), 0 error(s), 1 left on base; Gurdon 0 - Paynesville 0
BOTTOM OF THE 1ST
Paynesville Pyramids batting - Pitching for Gurdon Pelicans : RHP Stanley Williams
Pitching: RHP Stanley Williams
Batting: SHB Evan Adams 0-0: Ground out 1-3 (Groundball, 13)
Batting: LHB Greg Robinson 0-0: Called Strike
0-1: Ball
1-1: Called Strike
1-2: Strikes out looking
Batting: RHB Todd Blake 0-0: Fly out, F9 (Line Drive, 89M)
Bottom of the 1st over - 0 run(s), 0 hit(s), 0 error(s), 0 left on base; Gurdon 0 - Paynesville 0
TOP OF THE 2ND
Gurdon Pelicans batting - Pitching for Paynesville Pyramids : LHP Eduardo Reyes
Batting: RHB Daniel Drake 0-0: Ball
1-0: Swinging Strike
1-1: Ground out 6-3 (Groundball, 6)
Batting: RHB Robert Fuller 0-0: Ball
1-0: Called Strike
1-1: Ball
2-1: Fly out, F8 (Flyball, 8LD)
Batting: RHB Jim Unknown 0-0: Called Strike
0-1: Swinging Strike
0-2: Foul Ball, location: 2F
0-2: Ball
1-2: Strikes out swinging
Top of the 2nd over - 0 run(s), 0 hit(s), 0 error(s), 0 left on base; Gurdon 0 - Paynesville 0
BOTTOM OF THE 2ND
Paynesville Pyramids batting - Pitching for Gurdon Pelicans : RHP Stanley Williams
Batting: RHB Bill Dennis 0-0: Swinging Strike
0-1: Ball
1-1: SINGLE (Line Drive, 8LS)
Batting: RHB Eddie O'Bryan 0-0: Ball
1-0: Called Strike
1-1: Ball
2-1: Foul Ball, location: 2F
2-2: Ball
3-2: Ground out 6-3 (Groundball, 6M)
Bill Dennis to second
Batting: LHB Thatcher Douglas 0-0: Ball
1-0: Ball
2-0: Swinging Strike
2-1: Swinging Strike
2-2: Strikes out swinging
Batting: RHB Chris Teague 0-0: Ball
1-0: Foul Ball, location: 2F
1-1: Ball
2-1: Ball
3-1: Called Strike
3-2: Strikes out swinging
Bottom of the 2nd over - 0 run(s), 1 hit(s), 0 error(s), 1 left on base; Gurdon 0 - Paynesville 0
TOP OF THE 3RD
Gurdon Pelicans batting - Pitching for Paynesville Pyramids : LHP Eduardo Reyes
Batting: RHB Jim Unknown 0-0: Swinging Strike
0-1: Foul Ball, location: 2F
0-2: Strikes out swinging
Batting: LHB Jim Unknown 0-0: Ball
1-0: Ground out 4-3 (Groundball, 4)
Batting: RHB Alex Maxwell 0-0: Called Strike
0-1: Called Strike
0-2: Foul Ball, location: 2F
0-2: Ball
1-2: Fly out, F8 (Flyball, 8LM)
Top of the 3rd over - 0 run(s), 0 hit(s), 0 error(s), 0 left on base; Gurdon 0 - Paynesville 0
BOTTOM OF THE 3RD
Paynesville Pyramids batting - Pitching for Gurdon Pelicans : RHP Stanley Williams
Batting: LHB José Durán 0-0: Ball
1-0: Ball
2-0: Called Strike
2-1: Ball
3-1: Base on Balls
Batting: RHB Leonardo Ortega 0-0: Called Strike
0-1: Ball
1-1: Called Strike
1-2: Foul Ball, location: 2F
1-2: Ball
2-2: Ground out 3-1 (Groundball, 34S)
José Durán to second
Batting: SHB Evan Adams 0-0: Called Strike
0-1: Ball
1-1: Ball
2-1: Ball
3-1: Base on Balls
Batting: LHB Greg Robinson 0-0: Swinging Strike
0-1: Called Strike
0-2: Ball
1-2: Fly out, F7 (Popup, 7LS)
Batting: RHB Todd Blake 0-0: Called Strike
0-1: Ball
1-1: Swinging Strike
1-2: Strikes out looking
Bottom of the 3rd over - 0 run(s), 0 hit(s), 0 error(s), 2 left on base; Gurdon 0 - Paynesville 0
TOP OF THE 4TH
Gurdon Pelicans batting - Pitching for Paynesville Pyramids : LHP Eduardo Reyes
Batting: RHB Randy Gregory 0-0: Ball
1-0: Hit by Pitch
Batting: RHB Micah Miller 0-0: Called Strike
0-1: 2-RUN HOME RUN (Flyball, 7D) (Inside the Park)
Batting: RHB Brian Lynch 0-0: Called Strike
0-1: Ground out 4-3 (Groundball, 4)
Batting: RHB Daniel Drake 0-0: Ball
1-0: Ball
2-0: Called Strike
2-1: DOUBLE (Line Drive, 7LM)
Batting: RHB Robert Fuller 0-0: Ball
1-0: Called Strike
1-1: Ball
2-1: Ground out 5-3 (Groundball, 5)
Batting: RHB Jim Unknown 0-0: 2-RUN HOME RUN (Line Drive, 7LD), Distance : 347 ft
Batting: RHB Jim Unknown 0-0: Fly out, F8 (Line Drive, 8LM)
Top of the 4th over - 4 run(s), 3 hit(s), 0 error(s), 0 left on base; Gurdon 4 - Paynesville 0
BOTTOM OF THE 4TH
Paynesville Pyramids batting - Pitching for Gurdon Pelicans : RHP Stanley Williams
Batting: RHB Bill Dennis 0-0: Called Strike
0-1: Ball
1-1: Reached on error, E5 (Groundball, 5S)
Batting: RHB Eddie O'Bryan 0-0: Called Strike
Bill Dennis steals 2nd base
0-1: Ground out 6-3 (Groundball, 6)
Bill Dennis to third
Batting: LHB Thatcher Douglas 0-0: SINGLE (Groundball, 5D)
Bill Dennis scores
Batting: RHB Chris Teague 0-0: Ball
1-0: Ball
2-0: Foul Ball, location: 2F
2-1: Ball
3-1: Base on Balls
Thatcher Douglas to second
Batting: LHB José Durán 0-0: Called Strike
0-1: Ball
1-1: Called Strike
1-2: Fly out, F9 (Flyball, 89M)
Batting: RHB Leonardo Ortega 0-0: Swinging Strike
0-1: Foul Ball, location: 2F
0-2: Strikes out looking
Bottom of the 4th over - 1 run(s), 1 hit(s), 1 error(s), 2 left on base; Gurdon 4 - Paynesville 1
TOP OF THE 5TH
Gurdon Pelicans batting - Pitching for Paynesville Pyramids : LHP Eduardo Reyes
Batting: LHB Jim Unknown 0-0: Foul Ball, location: 2F
0-1: Ball
1-1: Ball
2-1: Swinging Strike
2-2: Fly out, F9 (Flyball, 9D)
Batting: RHB Alex Maxwell 0-0: Ball
1-0: Ball
2-0: Ball
3-0: Base on Balls
Batting: RHB Randy Gregory 0-0: Ball
1-0: Ball
2-0: Called Strike
Throwing error on steal attempt, E2
Alex Maxwell to third
2-1: Swinging Strike
2-2: Foul Ball, location: 2F
2-2: Ball
3-2: Foul Ball, location: 2F
3-2: Foul Ball, location: 2F
3-2: Base on Balls
Batting: RHB Micah Miller 0-0: Called Strike
0-1: Ball
1-1: Ball
2-1: Foul Ball, location: 2F
2-2: Foul Ball, location: 2F
2-2: Ball
3-2: SINGLE (Groundball, 56D)
Alex Maxwell scores
Randy Gregory to second
Batting: RHB Brian Lynch 0-0: Ball
1-0: Fly out, F9 (Flyball, 9S)
Batting: RHB Daniel Drake 0-0: Ball
1-0: Ball
2-0: Ball
3-0: Base on Balls
Randy Gregory to third
Micah Miller to second
Batting: RHB Robert Fuller 0-0: Fielders Choice at 2nd, 5-4 (Groundball, 5)
Top of the 5th over - 1 run(s), 1 hit(s), 1 error(s), 2 left on base; Gurdon 5 - Paynesville 1
BOTTOM OF THE 5TH
Paynesville Pyramids batting - Pitching for Gurdon Pelicans : RHP Stanley Williams
Batting: SHB Evan Adams 0-0: Ball
1-0: Called Strike
1-1: Foul Ball, location: 2F
1-2: Ground out 6-3 (Groundball, 6)
Batting: LHB Greg Robinson 0-0: Ball
1-0: Fly out, F5 (Popup, 5)
Batting: RHB Todd Blake 0-0: Foul Ball, location: 2F
0-1: Ground out 6-3 (Groundball, 6)
Bottom of the 5th over - 0 run(s), 0 hit(s), 0 error(s), 0 left on base; Gurdon 5 - Paynesville 1
TOP OF THE 6TH
Gurdon Pelicans batting - Pitching for Paynesville Pyramids : LHP Eduardo Reyes
Batting: RHB Jim Unknown 0-0: Ball
1-0: Called Strike
1-1: Ball
2-1: Ground out 5-3 (Groundball, 56)
Batting: RHB Jim Unknown 0-0: Ball
1-0: Called Strike
1-1: Ball
2-1: Called Strike
2-2: Ball
3-2: Ground out 5-3 (Groundball, 56)
Batting: LHB Jim Unknown 0-0: Ball
1-0: Foul Ball, location: 2F
1-1: Ball
2-1: SINGLE (Line Drive, 34)
Pitching: RHP Severiano Duclos
Batting: RHB Alex Maxwell 0-0: Called Strike
0-1: SINGLE (Line Drive, 78M)
Jim Unknown to second
Batting: RHB Randy Gregory 0-0: Called Strike
0-1: Called Strike
0-2: Ball
1-2: Ball
2-2: Ball
3-2: Base on Balls
Jim Unknown to third
Alex Maxwell to second
Batting: RHB Micah Miller 0-0: Foul Ball, location: 2F
0-1: Fly out, F3 (Popup, 3F)
Top of the 6th over - 0 run(s), 2 hit(s), 0 error(s), 3 left on base; Gurdon 5 - Paynesville 1
BOTTOM OF THE 6TH
Paynesville Pyramids batting - Pitching for Gurdon Pelicans : RHP Stanley Williams
Batting: RHB Bill Dennis 0-0: Called Strike
0-1: Ball
1-1: Ball
2-1: Called Strike
2-2: Strikes out looking
Batting: RHB Eddie O'Bryan 0-0: Fly out, F9 (Flyball, 9M)
Batting: LHB Thatcher Douglas 0-0: Swinging Strike
0-1: SINGLE (Line Drive, 89M)
Batting: RHB Chris Teague 0-0: Ball
1-0: Swinging Strike
1-1: Fly out, F8 (Flyball, 8RM)
Bottom of the 6th over - 0 run(s), 1 hit(s), 0 error(s), 1 left on base; Gurdon 5 - Paynesville 1
TOP OF THE 7TH
Gurdon Pelicans batting - Pitching for Paynesville Pyramids : RHP Severiano Duclos
Batting: RHB Brian Lynch 0-0: Ball
1-0: SINGLE (Line Drive, 7LS)
Batting: RHB Daniel Drake 0-0: SINGLE (Groundball, 4MD)
Brian Lynch to second
Runner from 2nd tries for 3rd, SAFE, throw made to third
Batting: RHB Robert Fuller 0-0: Foul Ball, location: 2F
0-1: Hit by Pitch
Daniel Drake to second
Batting: RHB Jim Unknown 0-0: SINGLE (Line Drive, 78M)
Brian Lynch scores
Daniel Drake to third
Robert Fuller to second
Batting: RHB Jim Unknown 0-0: Ball
1-0: SINGLE (Groundball, 6MD)
Daniel Drake scores
Robert Fuller to third
Jim Unknown to second
Runner from 3rd tries for Home, SAFE, no throw or cutoff
Pitching: RHP José Júlio
Batting: LHB Jim Unknown 0-0: Called Strike
0-1: Foul Ball, location: 2F
0-2: Ball
1-2: Fly out, F3 (Line Drive, 34)
Batting: RHB Alex Maxwell 0-0: Called Strike
0-1: Ball
1-1: Hit by Pitch
Jim Unknown to third
Jim Unknown to second
Batting: RHB Randy Gregory 0-0: Ball
1-0: Fly out, F8 (Flyball, 8LM)
Runner from 3rd tags up, SCORES, throw made
Batting: RHB Micah Miller 0-0: Ball
1-0: Ball
2-0: Ball
3-0: Called Strike
3-1: Called Strike
3-2: DOUBLE (Line Drive, 7D)
Jim Unknown scores
Alex Maxwell to third
Alex Maxwell scores
Batting: RHB Brian Lynch 0-0: Called Strike
0-1: Swinging Strike
0-2: Strikes out swinging
Top of the 7th over - 6 run(s), 5 hit(s), 0 error(s), 1 left on base; Gurdon 11 - Paynesville 1
BOTTOM OF THE 7TH
Paynesville Pyramids batting - Pitching for Gurdon Pelicans : RHP Stanley Williams
Batting: LHB José Durán 0-0: Swinging Strike
0-1: Called Strike
0-2: Strikes out swinging
Batting: RHB Leonardo Ortega 0-0: Ball
1-0: Ball
2-0: Ball
3-0: Called Strike
3-1: Swinging Strike
3-2: Foul Ball, location: 2F
3-2: SOLO HOME RUN (Line Drive, 9D), Distance : 368 ft
Pitching: RHP Mike Lindsay
Batting: SHB Evan Adams 0-0: Ball
1-0: Called Strike
1-1: Called Strike
1-2: Ball
2-2: Ball
3-2: Strikes out swinging
Batting: LHB Greg Robinson 0-0: Called Strike
0-1: Foul Ball, location: 2F
0-2: Ball
1-2: Ball
2-2: Fly out, F5 (Popup, 7LSF)
Bottom of the 7th over - 1 run(s), 1 hit(s), 0 error(s), 0 left on base; Gurdon 11 - Paynesville 2
TOP OF THE 8TH
Gurdon Pelicans batting - Pitching for Paynesville Pyramids : RHP José Júlio
Pinch Hitting: SHB Jim Unknown 0-0: Ball
1-0: Ball
2-0: Foul Ball, location: 2F
2-1: Ball
3-1: Foul Ball, location: 2F
3-2: Foul Ball, location: 2F
3-2: Base on Balls
Batting: RHB Robert Fuller 0-0: Called Strike
0-1: Fly out, F9 (Flyball, 9D)
Batting: RHB Jim Unknown 0-0: Called Strike
0-1: Foul Ball, location: 2F
0-2: Ball
1-2: Strikes out looking
Batting: RHB Jim Unknown 0-0: Called Strike
Jim Unknown is caught stealing 2nd base
Top of the 8th over - 0 run(s), 0 hit(s), 0 error(s), 0 left on base; Gurdon 11 - Paynesville 2
BOTTOM OF THE 8TH
Paynesville Pyramids batting - Pitching for Gurdon Pelicans : RHP Mike Lindsay
Now at 1B: Jim Unknown
Batting: RHB Todd Blake 0-0: Ground out 4-3 (Groundball, 4)
Batting: RHB Bill Dennis 0-0: Foul Ball, location: 2F
0-1: Swinging Strike
0-2: SINGLE (Line Drive, 4M)
Batting: RHB Eddie O'Bryan 0-0: Swinging Strike
0-1: Ball
1-1: Swinging Strike
1-2: Ball
2-2: SINGLE (Groundball, 56D)
Bill Dennis to second
Batting: LHB Thatcher Douglas 0-0: Ball
1-0: Called Strike
1-1: Called Strike
1-2: Foul Ball, location: 2F
1-2: Ball
2-2: Ball
3-2: Foul Ball, location: 2F
3-2: Strikes out swinging
Batting: RHB Chris Teague 0-0: Called Strike
0-1: Foul Ball, location: 2F
0-2: Ball
1-2: SINGLE (Flyball, 78S)
Bill Dennis to third
Eddie O'Bryan to second
Runner from 3rd tries for Home, SAFE, no throw or cutoff
Batting: LHB José Durán 0-0: Ball
1-0: SINGLE (Groundball, 34D)
Eddie O'Bryan to third
Chris Teague to second
Runner from 3rd tries for Home, SAFE, no throw or cutoff
Batting: RHB Leonardo Ortega 0-0: Ball
1-0: Ball
2-0: Swinging Strike
2-1: Ball
3-1: Ground out 4-3 (Groundball, 34)
Bottom of the 8th over - 2 run(s), 4 hit(s), 0 error(s), 2 left on base; Gurdon 11 - Paynesville 4
TOP OF THE 9TH
Gurdon Pelicans batting - Pitching for Paynesville Pyramids : RHP José Júlio
Pitching: LHP Jim Unknown
Batting: RHB Jim Unknown 0-0: Ball
1-0: Called Strike
1-1: Ball
2-1: Foul Ball, location: 2F
2-2: Fly out, F4 (Line Drive, 4)
Batting: LHB Jim Unknown 0-0: Ball
1-0: Called Strike
1-1: Foul Ball, location: 2F
1-2: Ball
2-2: Ball
3-2: Base on Balls
Batting: RHB Alex Maxwell 0-0: Ball
1-0: Foul Ball, location: 2F
1-1: Foul Ball, location: 2F
1-2: Foul Ball, location: 2F
1-2: SINGLE (Groundball, 56)
Jim Unknown to second
Batting: RHB Randy Gregory 0-0: Ball
1-0: Foul Ball, location: 2F
1-1: Swinging Strike
1-2: Ball
2-2: Strikes out swinging
Batting: RHB Micah Miller 0-0: SINGLE (Groundball, 56D)
Jim Unknown to third
Alex Maxwell to second
Runner from 3rd tries for Home, SAFE, no throw or cutoff
Batting: RHB Brian Lynch 0-0: SINGLE (Groundball, 6MD)
Alex Maxwell to third
Micah Miller to second
Runner from 3rd tries for Home, SAFE, no throw or cutoff
Batting: SHB Jim Unknown 0-0: Ball
1-0: Called Strike
1-1: Ball
2-1: Called Strike
2-2: Fly out, F8 (Flyball, 78XD)
Top of the 9th over - 2 run(s), 3 hit(s), 0 error(s), 2 left on base; Gurdon 13 - Paynesville 4
BOTTOM OF THE 9TH
Paynesville Pyramids batting - Pitching for Gurdon Pelicans : RHP Mike Lindsay
Batting: SHB Evan Adams 0-0: Ball
1-0: Ball
2-0: Fly out, F8 (Flyball, 8LM)
Batting: LHB Greg Robinson 0-0: Ground out U3 (Groundball, 3S)
Batting: RHB Todd Blake 0-0: Ball
1-0: Called Strike
1-1: Fly out, F2 (Popup, 2RF)
Bottom of the 9th over - 0 run(s), 0 hit(s), 0 error(s), 0 left on base; Gurdon 13 - Paynesville 4
This league is powered by Out of the Park Baseball, the baseball management simulation game for PC, Mac and Linux
Monday, May 4th, 2015 - OOTP Baseball 15.6 Build 34